 Dungeon Crawl Stone Soup version 0.27.1-34-g3ba077fa99 (webtiles) character file.

Game seed: 17913022811554991048

46 Fractals the Vandal (level 3, -3/29 HPs)
             Began as a Formicid Hunter on Jan 2, 2022.
             Slain by Terence (5 damage)
             ... on level 1 of the Dungeon.
             The game lasted 00:05:39 (1605 turns).

Fractals the Vandal (Formicid Hunter)               Turns: 1605, Time: 00:05:39

Health: -3/29      AC:  6    Str: 16    XL:     3   Next: 95%
Magic:  3/3        EV: 10    Int: 10    God:
Gold:   53         SH:  0    Dex: 12    Spells: 2/2 levels left

rFire    . . .     SeeInvis +   m - +0 great sword
rCold    + . .     Faith    .   (no shield)
rNeg     + . .     Spirit   .   o - +0 scale mail
rPois    .         Reflect  .   (helmet unavailable)
rElec    .         Harm     .   (no cloak)
rCorr    .         Rampage  .   (no gloves)
Will     .....                  (no boots)
Stlth    ..........             (no amulet)
HPRegen  0.09/turn              g - ring of positive energy
MPRegen  0.08/turn              b - ring of protection from cold

@: flying
A: permanent stasis, dig shafts and tunnels, antennae 3, four strong arms
a: Dig, Shaft Self


You were on level 1 of the Dungeon.
You visited 1 branch of the dungeon, and saw 2 of its levels.

You collected 53 gold pieces.

Inventory:

Hand Weapons
 a - a +1 hunting sling
 m - a +0 great sword (weapon)
Missiles
 d - 12 sling bullets
 e - 8 bolts
 j - 5 stones (quivered)
Armour
 o - a +0 scale mail (worn)
Jewellery
 b - a ring of protection from cold (right hand)
 g - a ring of positive energy (left hand)
Scrolls
 c - a scroll of noise {unknown}
 f - a scroll of enchant weapon {unknown}
 i - a scroll of identify {unknown}
 n - a scroll of torment {unknown}


   Skills:
 + Level 3.1 Fighting
 + Level 4.4 Slings
 - Level 2.0 Armour
 - Level 2.0 Dodging
 - Level 2.0 Stealth


You had 2 spell levels left.
You didn't know any spells.
Your spell library contained the following spells:

 Spells                   Type           Power      Damage    Failure   Level
 Sandblast                Erth           0%         2d4       80%         1
 Passwall                 Tmut/Erth      0%         N/A       91%         2
 Lee's Rapid Deconstruct  Erth           0%         3d5*      100%        5


Dungeon Overview and Level Annotations

Branches:
Dungeon (2/15)

Altars:

Annotations:
D:1 Terence
D:2 1 runed translucent door, Crazy Yiuf


Innate Abilities, Weirdness & Mutations

You cannot be hasted, slowed, berserked, paralysed or teleported.
You can dig through walls and to a lower floor.
You have a pair of large antennae on your head. (SInv)
Your four strong arms can wield two-handed weapons with a shield.


Message History

Terence burns you.
* * * LOW HITPOINT WARNING * * *
Unknown command.
It was a potion of curing.
You feel better. Terence barely misses you.
You riposte.
You hit Terence.
Terence is moderately wounded.
You completely miss Terence.
Terence is moderately wounded.
Terence barely misses you. Terence hits you but does no damage.
You closely miss Terence.
Terence is moderately wounded.
Terence barely misses you.
You hit Terence.
Terence is heavily wounded.
Terence hits you with a +2 hand axe of flaming.
* * * LOW HITPOINT WARNING * * *
Terence burns you.
* * * LOW HITPOINT WARNING * * *
Terence barely misses you.
You riposte.
You hit Terence.
Terence is severely wounded.
You closely miss Terence.
Terence is severely wounded.
Terence barely misses you. Terence closely misses you.
You barely miss Terence.
Terence is severely wounded.
Terence completely misses you.
You barely miss Terence.
Terence is severely wounded.
Terence barely misses you.
Terence hits you with a +2 hand axe of flaming.
* * * LOW HITPOINT WARNING * * *
Terence burns you.
* * * LOW HITPOINT WARNING * * *
It was a potion of flight.
You feel very buoyant.
You fly up into the air.
Terence closely misses you.
You hit Terence but do no damage.
Terence is severely wounded.
Terence hits you with a +2 hand axe of flaming.
You die...

............########.......#####.
...................+.......+.....
#.#......#.#########.......######
#.#†#..#.#.#.# ### #.......#.....
#.#.#....#.#.# #.# #.......#.####
..#.#....#.#.###.# #######.#.# #
###.#....#.#.....# #.#.# #
....#.##.#.#.###.#########...# #
#.#.#.##.#.#....@............# #
.........#.###...@......##...# #
####..####.# #..........##...#
........##.# #..........##...#
...........# #..........##...#
##.........# #..........##...#
#.#.....#.#######'#######...# ##
#.#.....#.#.................# #.
#.#.....###.#####.######....###.


You could see Terence.

Vanquished Creatures
  2 dart slugs (D:1)
  2 endoplasms (D:1)
  2 giant cockroaches
  2 goblins
  3 hobgoblins (D:1)
  8 jackals
  3 kobolds (D:1)
  3 quokkas (D:1)
  4 ball pythons
  3 bats (D:1)
  3 frilled lizards
  3 rats
38 creatures vanquished.

Notes
Turn   | Place    | Note
-------+----------+-------------------------------------------
     0 | D:1      | Fractals the Formicid Hunter began the quest for the Orb.
     0 | D:1      | Reached XP level 1. HP: 16/16 MP: 1/1
   232 | D:1      | Reached XP level 2. HP: 23/23 MP: 2/2
   468 | D:1      | Reached XP level 3. HP: 29/29 MP: 3/3
   505 | D:1      | Reached skill level 1 in Armour
   696 | D:1      | Found a faded altar of an unknown god.
  1371 | D:2      | Found a runed translucent door.
  1372 | D:2      | Noticed Crazy Yiuf
  1532 | D:2      | Noticed Terence
  1596 | D:1      | HP: 1/29 [Terence (2)]
  1605 | D:1      | Slain by Terence

Illustrated notes

Levels and vault maps discovered:
D:1:      noname_arrival_rooms_in_the_neighbourhood, layout_basic,
          hellmonk_ecumenical_altar_slurped_away
D:2:      layout_rooms, uniq_terence, uniq_crazy_yiuf_cottage

Skill      XL: |  1  2  3 |
---------------+----------+-----
Stealth        | 2 |  2.0
Fighting       | 3 |  3.1
Dodging        | 2 |  2.0
Armour         | 2 |  2.0
Slings         | |  4.4

Action                   || total
-------------------------++-------
Melee: Short sword       ||    28
       Great sword       ||    23
 Fire: Hunting sling     ||    46
  Use: Potion            ||     2
Armor: Leather armour    ||     8
       Ring mail         ||    12
       Scale mail        ||     1
Dodge: Dodged            ||    39
       Rpst.: Great sword ||     9
